 Dungeon Crawl Stone Soup version 0.29-a0-25-g7f48f510a0 (webtiles) character file.

Game seed: 200584427824655391

7308 ravioli the Geomancer (level 11, -3/62 HPs)
             Began as an Octopode Earth Elementalist on Jan 31, 2022.
             Was a Believer of Vehumet.
             Slain by a boulder beetle (57 damage)
             ... on level 10 of the Dungeon.
             The game lasted 00:44:03 (16298 turns).

ravioli the Geomancer (OpEE)                       Turns: 16298, Time: 00:44:03

Health: -3/62      AC:  5    Str:  8    XL:     11   Next: 13%
Magic:  22/24      EV: 13    Int: 30    God:    Vehumet [**....]
Gold:   410        SH:  0    Dex: 12    Spells: 25/29 levels left

rFire   . . .      SeeInvis .   j - staff of conjuration
rCold   . . .      Faith    .   (no shield)
rNeg    . . .      Spirit   .   (helmet restricted)
rPois   .          Reflect  .   (no amulet)
rElec   .          Harm     .   g - +6 ring of intelligence
rCorr   .          Rampage  .   h - +4 ring of protection
Will    .....                   x - +4 ring of slaying
Stlth   ++++......              (no ring)
HPRegen 0.20/turn               (no ring)
MPRegen 0.19/turn               (no ring)
                                (no ring)
                                (no ring)

@: about to teleport
A: almost no armour, amphibious, 8 rings, camouflage 1, gelatinous body 1,
(nimble swimmer 1), tentacles, clever 1, sense surroundings 1
a: Renounce Religion


You were on level 10 of the Dungeon.
You worshipped Vehumet.
Vehumet was pleased with you.
You visited 2 branches of the dungeon, and saw 11 of its levels.

You collected 410 gold pieces.

Inventory:

Missiles
 b - 300 stones
 m - 6 curare-tipped darts
 A - 2 throwing nets
Armour
 y - an orb of mayhem
Magical Staves
 j - a staff of conjuration (weapon)
Jewellery
 g - a +6 ring of intelligence (left tentacle)
 h - a +4 ring of protection (right tentacle)
 x - a +4 ring of slaying (on tentacle)
Wands
 l - a wand of polymorph (17)
 H - a wand of charming (5)
Scrolls
 a - 4 scrolls of teleportation
 d - a scroll of brand weapon {unknown}
 e - 2 scrolls of vulnerability
 f - a scroll of summoning {unknown}
 p - a scroll of immolation {unknown}
 q - 2 scrolls of magic mapping {unknown}
 r - a scroll of noise {unknown}
 u - 4 scrolls of enchant weapon
 v - 3 scrolls of blinking
 w - 2 scrolls of silence
 B - 3 scrolls of fog
 E - 3 scrolls of torment
 F - 2 scrolls of enchant armour
 G - a scroll of fear {unknown}
Potions
 c - 4 potions of haste
 i - 4 potions of might
 k - a potion of berserk rage {unknown}
 n - 4 potions of curing
 o - a potion of flight {unknown}
 s - a potion of degeneration {unknown}
 t - 2 potions of brilliance
 z - 2 potions of invisibility {unknown}
 C - a potion of attraction {unknown}
 D - a potion of magic {unknown}
 I - a potion of heal wounds
 J - a potion of lignification {unknown}


   Skills:
 + Level 0.7 Fighting
 + Level 2.8 Dodging
 + Level 5.4 Stealth
 + Level 9.7 Spellcasting
 + Level 7.6 Conjurations
 + Level 1.0 Transmutations
 + Level 10.6 Earth Magic


You had 25 spell levels left.
You knew the following spells:

 Your Spells              Type           Power      Damage    Failure   Level
a - Sandblast             Erth           100%       2d20      1%          1
b - Stone Arrow           Conj/Erth      100%       3d13      1%          3

Your spell library contained the following spells:

 Spells                   Type           Power      Damage    Failure   Level
 Scorch                   Fire           28%        2d6       5%          2
 Passwall                 Tmut/Erth      40%        N/A       1%          2
 Dazzling Flash           Conj/Hex       100%       N/A       2%          3
 Petrify                  Tmut/Erth      49%        N/A       3%          4
 Blink                    Tloc           28%        N/A       5%          2
 Iskenderun's Mystic Bla  Conj/Tloc      54%        2d12      8%          4
 Manifold Assault         Tloc           14%        N/A       69%         5
 Starburst                Conj/Fire      27%        6d9       75%         6
 Storm Form               Tmut/Air       8%         N/A       100%        7


Dungeon Overview and Level Annotations

Branches:
Dungeon (10/15)            Temple (1/1) D:4             Orc (0/2) D:9
   Lair: D:8-11

Altars:
Ashenzari
Cheibriados
Dithmenos
Elyvilon
Fedhas
Gozag
Hepliaklqana
Kikubaaqudgha
Makhleb
Nemelex Xobeh
Okawaru
Qazlal
Ru
Trog
Uskayaw
Vehumet
Wu Jian
Xom
Yredelemnul
Zin
The Shining One


Innate Abilities, Weirdness & Mutations

You cannot wear most types of armour.
You are amphibious.
You can wear up to eight rings at the same time.
Your skin changes colour to match your surroundings (Stealth+).
Your rubbery body absorbs attacks. (AC +1, EV +1)
((You are camouflaged when in or above water. (Stealth+)))
You have tentacles for arms and can constrict up to eight enemies at once.
Your mind is acute. (Int +2)
You passively map a small area around you.


Message History

You feel a surge of power!
The stone arrow hits the centaur warrior zombie!!
The centaur warrior zombie is moderately damaged.
The centaur warrior zombie hits you. The centaur warrior zombie kicks you.
Aiming: Stone Arrow (safe; 1% risk of failure)
Press: ? - help, Q - select action, (/) - cycle Shift-Dir - straight line, f/p - centaur warrior zombie
Aim: a centaur warrior zombie (moderately damaged, 98% to hit)
You feel a surge of power!
The stone arrow hits the centaur warrior zombie!
The centaur warrior zombie is heavily damaged.
The centaur warrior zombie closely misses you.
The centaur warrior zombie barely misses you.
Aiming: Stone Arrow (safe; 1% risk of failure)
Press: ? - help, Q - select action, (/) - cycle Shift-Dir - straight line, f/p - centaur warrior zombie
Aim: a centaur warrior zombie (heavily damaged, 98% to hit)
You feel a surge of power!
The stone arrow hits the centaur warrior zombie!!
The centaur warrior zombie is almost destroyed.
The centaur warrior zombie hits you!
The centaur warrior zombie kicks you but does no damage.
Aiming: Stone Arrow (safe; 1% risk of failure)
Press: ? - help, Q - select action, (/) - cycle Shift-Dir - straight line, f/p - centaur warrior zombie
Aim: a centaur warrior zombie (almost destroyed, 98% to hit)
You feel a surge of power!
The stone arrow hits the centaur warrior zombie!
You destroy the centaur warrior zombie!
Vehumet accepts your kill.
You feel your power returning.
You start resting.
A boulder beetle comes into view.
A boulder beetle is nearby!
The boulder beetle curls into a ball and begins rolling!
As you read the scroll of teleportation, it crumbles to dust.
You feel strangely unstable.
Found a hunting sling.
Your surroundings suddenly seem different.
As you read the scroll of teleportation, it crumbles to dust.
You feel strangely unstable. The boulder beetle hits you!!!
Ouch! That really hurt!
You die...

###.###### #..# #.°......#
###'##### #...°....# #.......#
#°....B..# #.......#
###...(...○# #.......#
#..........#### #.......####
#.#....†...°°.###.......'..###
#.#....<...##○B.#.......##...###
#,#........####@#.......####....
#........# #.'.......# ####.
#........# ###.......# ##
##.####### #.......# * * #.*
###'##### *# #.## # * #..# # *
##.# #### ≈, ####'########...


You could see a boulder beetle (rolling).

Vanquished Creatures
  Erolcha (D:9)
  Pikel (D:8)
  A centaur simulacrum (D:10)
  A wraith (D:9)
  5 yaks (D:9)
  Sigmund (D:2)
  2 wyverns
  2 steam dragons
  2 wargs (D:9)
  A water moccasin (D:8)
  2 orc warriors (D:7)
  4 ice beasts
  A sky beast (D:7)
  A black bear (D:6)
  A hornet zombie (D:7)
  An ogre (D:4)
  2 centaurs
  A lemure (D:8)
  2 kobold brigands
  2 phantoms
  Blork the orc (D:6)
  4 bullfrogs
  A gnoll sergeant (D:8)
  2 scorpions
  A water moccasin zombie (D:7)
  2 water moccasin skeletons
  8 killer bees
  3 wights (D:8)
  3 howler monkeys
  4 centaur zombies
  A bullfrog zombie (D:6)
  2 jellies
  3 hounds
  6 orc priests
  2 centaur skeletons
  A gnoll shaman (D:8)
  4 iguanas
  5 orc wizards
  2 howler monkey zombies
  A howler monkey skeleton (D:5)
  7 gnolls (D:8)
  5 adders
  4 white imps
  6 worms
  5 dart slugs
  33 orcs
  4 endoplasms
  2 giant cockroaches (D:1)
  6 goblins
  4 hobgoblins
  2 quokkas (D:3)
  9 ball pythons
  10 bats
  2 frilled lizards (D:1)
  18 kobolds
  5 rats
212 creatures vanquished.

Notes
Turn   | Place    | Note
-------+----------+-------------------------------------------
     0 | D:1      | ravioli the Octopode Earth Elementalist began the quest for
                  | the Orb.
     0 | D:1      | Reached XP level 1. HP: 11/11 MP: 3/3
   448 | D:1      | Reached XP level 2. HP: 17/17 MP: 1/5
   713 | D:1      | Found a faded altar of an unknown god.
  1154 | D:1      | Reached XP level 3. HP: 21/21 MP: 3/6
  1563 | D:2      | Gained mutation: You are dopey. (Int -2) [potion of
                  | mutation]
  1563 | D:2      | Gained mutation: You are robust. (+10% HP) [potion of
                  | mutation]
  1723 | D:2      | Lost mutation: You are dopey. (Int -2) [potion of mutation]
  1723 | D:2      | Lost mutation: You are robust. (+10% HP) [potion of
                  | mutation]
  1723 | D:2      | Gained mutation: Your mind is acute. (Int +2) [potion of
                  | mutation]
  1723 | D:2      | Gained mutation: You passively map a small area around you.
                  | [potion of mutation]
  1777 | D:2      | Reached skill level 4 in Earth Magic
  1784 | D:2      | Learned a level 3 spell: Stone Arrow
  1870 | D:2      | Reached XP level 4. HP: 27/27 MP: 5/8
  2218 | D:2      | Noticed Sigmund
  3202 | D:4      | Reached XP level 5. HP: 31/31 MP: 7/10
  3205 | D:4      | Noticed a phantom
  3665 | D:4      | Noticed an ogre
  3869 | D:4      | Killed a phantom
  3870 | D:4      | Reached XP level 6. HP: 36/36 MP: 0/12
  4082 | D:4      | Reached skill level 5 in Earth Magic
  4270 | D:4      | Found a staircase to the Ecumenical Temple.
  4355 | Temple   | Entered the Ecumenical Temple
  4454 | Temple   | Became a worshipper of Vehumet
  4505 | D:4      | Found an iron altar of Okawaru.
  4724 | D:5      | Entered Level 5 of the Dungeon
  4830 | D:5      | Reached XP level 7. HP: 41/41 MP: 3/14
  4931 | D:5      | Reached skill level 1 in Conjurations
  5001 | D:5      | Reached skill level 5 in Spellcasting
  5455 | D:5      | Reached skill level 6 in Earth Magic
  5852 | D:6      | Found an opulent altar of Gozag.
  6016 | D:6      | Reached XP level 8. HP: 46/46 MP: 7/16
  6396 | D:6      | Found a basalt altar of Yredelemnul.
  6513 | D:6      | Found a glowing drain.
  6585 | D:6      | Reached * piety under Vehumet
  6585 | D:6      | Offered knowledge of Magic Dart by Vehumet.
  6845 | D:6      | Found an ornate altar of the Wu Jian Council.
  6856 | D:6      | Noticed Blork the orc
  6858 | D:6      | Killed Blork the orc
  7023 | D:6      | Found a snail-covered altar of Cheibriados.
  7158 | D:7      | Reached skill level 7 in Earth Magic
  7463 | D:7      | Found a glowing golden altar of the Shining One.
  7572 | D:7      | Reached XP level 9. HP: 51/51 MP: 5/19
  8884 | D:2      | Killed Sigmund
  9133 | D:8      | Found a shadowy altar of Dithmenos.
  9426 | D:8      | Reached skill level 8 in Earth Magic
  9921 | D:8      | Reached skill level 5 in Stealth
  9974 | D:8      | Reached skill level 5 in Conjurations
 10354 | D:8      | Offered knowledge of Static Discharge by Vehumet.
 10435 | D:8      | Reached ** piety under Vehumet
 10517 | D:8      | Found a stormy altar of Qazlal.
 10618 | D:8      | Found a sparkling altar of Nemelex Xobeh.
 11458 | D:9      | Found a staircase to the Orcish Mines.
 11638 | D:9      | Reached XP level 10. HP: 55/56 MP: 11/22
 11978 | D:9      | Reached skill level 9 in Earth Magic
 12346 | D:9      | Found a burning altar of Makhleb.
 13157 | D:8      | Noticed Pikel
 13173 | D:8      | Killed Pikel
 13570 | D:9      | Found a bloodstained altar of Trog.
 13805 | D:9      | Noticed Erolcha
 13814 | D:9      | Killed Erolcha
 14290 | D:7      | Reached skill level 10 in Earth Magic
 14842 | D:10     | Entered Level 10 of the Dungeon
 15285 | D:10     | Reached XP level 11. HP: 43/62 MP: 11/24
 15746 | D:10     | Offered knowledge of Scorch by Vehumet.
 16287 | D:10     | Noticed a boulder beetle
 16298 | D:10     | Slain by a boulder beetle

Illustrated notes

Levels and vault maps discovered:
D:1:      dpeg_arrival_more_subterranean_lakeside_camping, layout_loops_ring,
          shapermc_ecumenical_altar_mp_ritualfount
D:2:      layout_rooms, uniq_sigmund
D:3:      layout_loops_ring, chequers_jeans
D:4:      layout_rooms, kennysheep_okawaru_gauntlet,
          minmay_temple_entry_poolview
D:5:      layout_loops_ring
D:6:      layout_loops_ring, mainiacjoe_overflow_surrounded_room,
          mainiacjoe_overflow_24_doors, kennysheep_slug_shrine,
          mainiacjoe_overflow_chevrons, cheibrodos_sewer_entry_bend,
          uniq_blork_the_orc
D:7:      layout_loops_ring, tso_metal_star, minmay_misc_feat_columns
D:8:      layout_loops_corners, nicolae_dithmenos_the_darkroom,
          mainiacjoe_overflow_divided_tiny, minmay_misc_feat_ornament,
          uniq_pikel
D:9:      layout_loops_corners, mainiacjoe_overflow_concentric_impassable,
          lightli_temple_of_fire, david_orc_1_choice, uniq_erolcha
D:10:     layout_roguey, tgw_sif, serial_ice, serial_ice_k, serial_ice_c,
          serial_ice_b, serial_ice_d
Temple:   compressed_dpeg_circular_temple

Skill      XL: |  1  2  3  4  5  6  7  8  9 10 |
---------------+-------------------------------+-----
Earth Magic    | 4 5 6 7 8 10 | 10.6
Spellcasting   | 3 4 5 6 8 9 |  9.7
Stealth        | 3 4 5 |  5.4
Conjurations   | 2 4 6 7 |  7.6
Fighting       | |  0.7
Dodging        | |  2.8
Transmutations | |  1.0

Action                   |  1- 3 |  4- 6 |  7- 9 | 10-12 || total
-------------------------+-------+-------+-------+-------++-------
Melee: Staff             |       |       |       |     1 ||     1
 Cast: Sandblast         |    55 |    47 |    43 |    19 ||   164
       Stone Arrow       |       |    15 |   116 |    79 ||   210
  Use: Potion            |     3 |       |       |       ||     3
       Scroll            |       |       |     7 |     7 ||    14
Armor: Skin              |     3 |       |     6 |     5 ||    14
Dodge: Dodged            |    20 |     7 |    20 |    12 ||    59

Table legend: (Time is in decaauts)
 A = Elapsed time spent in this place.
 B = Non-inter-level travel time spent in this place.
 C = Inter-level travel time spent in this place.
 D = Time resting spent in this place.
 E = Time spent auto-exploring this place.
 F = Levels seen in this place.
 G = Mean time per level.
                   A        B        C        D        E       F      G
               +--------+--------+--------+--------+--------+-----+--------+
         Total |  16317 |  15200 |   1117 |   7942 |   5043 |  11 | 1483.4 |
       Dungeon |  16202 |  15123 |   1079 |   7942 |   4976 |  10 | 1620.2 |
        Temple |    114 |     76 |     38 |      0 |     67 |   1 |  114.0 |
               +--------+--------+--------+--------+--------+-----+--------+

Top non-repeatable levels by time:
     D:9: 2799 daAuts
     D:8: 2303 daAuts
     D:3: 1668 daAuts
     D:1: 1549 daAuts
     D:7: 1526 daAuts
    D:10: 1455 daAuts
     D:6: 1291 daAuts
     D:5: 1284 daAuts
     D:4: 1261 daAuts
     D:2: 1061 daAuts
  Temple: 114 daAuts
